 Dungeon Crawl Stone Soup version 0.29-a0-97-g88c9fad16d (webtiles) character file.

Game seed: 1549254778339294774

586 siradein the Sneak (level 7, -3/64 HPs)
             Began as a Naga Hunter on Feb 14, 2022.
             Slain by an ice beast (10 damage)
             ... on level 5 of the Dungeon.
             The game lasted 00:25:57 (5439 turns).

siradein the Sneak (Naga Hunter)                    Turns: 5439, Time: 00:25:58

Health: -3/64      AC:  4    Str: 14    XL:     7   Next: 37%
Magic:  7/7        EV: 10    Int: 11    God:
Gold:   157        SH:  0    Dex: 14    Spells: 6/6 levels left

rFire   . . .      SeeInvis +   a - +1 shortbow
rCold   . . .      Faith    .   (shield currently unavailable)
rNeg    . . .      Spirit   .   c - +0 leather armour
rPois   +          Reflect  .   (no helmet)
rElec   .          Harm     .   k - +0 cloak
rCorr   .          Rampage  .   (no gloves)
Will    +....                   (no barding)
Stlth   +++.......              (no amulet)
HPRegen 0.20/turn               u - ring of willpower
MPRegen 0.10/turn               (no ring)

@: very slow
A: AC +2, large, see invisible, deformed body, poison resistance, slowness 2,
spit poison 1, naga tail 1
a: Spit Poison


You were on level 5 of the Dungeon.
You visited 1 branch of the dungeon, and saw 6 of its levels.

You collected 157 gold pieces.

Inventory:

Hand Weapons
 a - a +1 shortbow (weapon)
 f - a +0 trident
 p - a +0 hunting sling
Missiles
 d - 86 arrows (quivered ammo)
 h - 49 bolts
 q - 105 stones
 r - 23 sling bullets
Armour
 c - a +0 leather armour (worn)
 k - a +0 cloak (worn)
Jewellery
 u - a ring of willpower (left hand)
Scrolls
 b - 3 scrolls of identify {unknown}
 e - 2 scrolls of teleportation {unknown}
 g - a scroll of enchant armour {unknown}
 n - 2 scrolls of immolation {unknown}
 t - a scroll of summoning {unknown}
 w - a scroll of noise {unknown}
 x - a scroll of amnesia {unknown}
 y - a scroll of vulnerability {unknown}
Potions
 i - a potion of mutation {unknown}
 j - a potion of flight {unknown}
 l - a potion of haste {unknown}
 m - 2 potions of lignification {unknown}
 o - a potion of invisibility {unknown}
 s - a potion of berserk rage {unknown}
 v - a potion of resistance {unknown}
 z - a potion of ambrosia {unknown}


   Skills:
 + Level 4.3 Fighting
 + Level 5.0 Bows
 + Level 3.4 Dodging
 + Level 6.1 Stealth


You had 6 spell levels left.
You didn't know any spells.
Your spell library contained the following spells:

 Spells                   Type           Power      Damage    Failure   Level
 Sublimation of Blood     Necr           0%         N/A       56%         2
 Wereblood                Tmut           0%         N/A       56%         2
 Leda's Liquefaction      Hex/Erth       0%         N/A       99%         4
 Lee's Rapid Deconstruct  Erth           0%         3d5*      100%        5
 Statue Form              Tmut/Erth      0%         N/A       100%        6
 Summon Hydra             Summ           0%         N/A       100%        7


Dungeon Overview and Level Annotations

Branches:
Dungeon (6/15)
 Temple: D:4-7

Altars:
The Shining One

Annotations:
D:4 Duvessa, Sigmund


Innate Abilities, Weirdness & Mutations

Your serpentine skin is tough. (AC +2)
You have supernaturally acute eyesight. (SInv)
Armour fits poorly on your strangely shaped body.
Your system is resistant to poisons. (rPois)
You cover ground very slowly.
You can spit poison.
You have a snake-like lower body.


Message History

Aiming: Spit Poison (1% risk of failure)
Press: ? - help, Shift-Dir - straight line, f - ice beast
Aim: an ice beast (wandering, hasn't noticed you, 59% to hit)
The splash of poison hits the ice beast.
The ice beast is lightly wounded.
You climb upwards.
There is a stone staircase leading down here.
You hit the ice beast.
The ice beast is moderately wounded.
The ice beast hits you. The ice beast freezes you!
The ice beast barely misses you.
You hit the ice beast but do no damage.
The ice beast is lightly wounded.
You have got your breath back.
The ice beast hits you. The ice beast freezes you!
You barely miss the ice beast.
The ice beast is lightly wounded.
The ice beast hits you. The ice beast freezes you!
You are too injured to fight recklessly!
a - a +1 shortbow (weapon)
The ice beast hits you.
* * * LOW HITPOINT WARNING * * *
The ice beast freezes you!
* * * LOW HITPOINT WARNING * * *
Fire: 88 arrows
Press: ? - help, Q - select action, (/) - cycle Shift-Dir - straight line, f - ice beast
Aim: an ice beast (lightly wounded, 64% to hit)
You shoot an arrow. The arrow hits the ice beast.
The ice beast is moderately wounded.
The ice beast barely misses you.
Fire: 87 arrows
Press: ? - help, Q - select action, (/) - cycle Shift-Dir - straight line, f/p - ice beast
Aim: an ice beast (moderately wounded, 64% to hit)
You shoot an arrow.
The arrow hits the ice beast but does no damage.
The ice beast is moderately wounded.
The ice beast hits you.
* * * LOW HITPOINT WARNING * * *
The ice beast freezes you!
You die...

...#....#...# #......
...#....#...# #######
...#....#...# #....))
...##'###...# #####.#####
........'...# #.....#....
......###...###########.....#.###
...#### #............##.....#....
...# #........Y...##.....#####
...# #.......@....''..........
...######............##.....#####
.................................
...###≈###...o........######.####
...#.#≈#.#.................>.#
.###.#≈#.###.........#######.#
.....#≈#.............# ###
.###.#≈#.###.........#
...#.#≈#.#...........#


You could see an ice beast and an orc wizard.

Vanquished Creatures
  Menkaure (D:5)
  A centaur (D:5)
  3 orc priests
  A jelly (D:5)
  A gnoll shaman (D:4)
  A hound (D:5)
  2 orc wizards
  4 gnolls
  4 adders
  An ufetubus (D:5)
  A dart slug (D:1)
  10 orcs
  7 endoplasms
  2 giant cockroaches
  5 goblins
  8 hobgoblins
  2 jackals (D:3)
  3 kobolds
  7 ball pythons
  4 bats
  2 frilled lizards
  4 rats
74 creatures vanquished.

Vanquished Creatures (others)
  32 plants
32 creatures vanquished.

Grand Total: 106 creatures vanquished

Notes
Turn   | Place    | Note
-------+----------+-------------------------------------------
     0 | D:1      | siradein the Naga Hunter began the quest for the Orb.
     0 | D:1      | Reached XP level 1. HP: 19/19 MP: 1/1
   233 | D:1      | Reached skill level 2 in Stealth
   338 | D:1      | Reached XP level 2. HP: 26/26 MP: 2/2
   769 | D:1      | Reached XP level 3. HP: 20/33 MP: 3/3
  1323 | D:2      | Found a faded altar of an unknown god.
  1397 | D:2      | Reached skill level 3 in Stealth
  1994 | D:3      | Reached XP level 4. HP: 20/40 MP: 4/4
  2007 | D:3      | HP: 2/40 [orc priest (2)]
  2009 | D:3      | Reached XP level 5. HP: 3/49 MP: 5/5
  2549 | D:3      | Reached skill level 4 in Stealth
  3482 | D:4      | Found a glowing golden altar of the Shining One.
  3540 | D:4      | Noticed Duvessa
  3698 | D:4      | Noticed Sigmund
  3879 | D:5      | Entered Level 5 of the Dungeon
  3902 | D:5      | Reached XP level 6. HP: 28/56 MP: 6/6
  4117 | D:4      | Reached skill level 5 in Stealth
  4721 | D:5      | Noticed Menkaure
  4739 | D:5      | Killed Menkaure
  4740 | D:5      | Reached XP level 7. HP: 13/64 MP: 7/7
  5053 | D:5      | Reached skill level 5 in Bows
  5053 | D:5      | Reached skill level 6 in Stealth
  5439 | D:5      | Slain by an ice beast

Illustrated notes

Levels and vault maps discovered:
D:1:      lemuel_arrival_cross, layout_rooms
D:2:      layout_loops_corners, shapermc_ecumenical_altar_petra
D:3:      layout_basic, serial_bayou, serial_bayou_lagoon_a,
          serial_bayou_pond_e, serial_bayou_shore_b, serial_bayou_pond_c
D:4:      nicolae_cairo_tiling, layout_basic, mainiacjoe_overflow_paths,
          overflow_temple_1_default, lemuel_coloured_pillars_altar,
          chequers_big_river, uniq_duvessa, uniq_sigmund
D:5:      layout_basic, nicolae_ru_awakened_eye, grunt_decor_cap,
          bh_walls_and_bars, uniq_menkaure
D:6:      layout_basic, kennysheep_little_box, minmay_temple_entry_proselytizer,
          serial_shops, shop, nicolae_shop_trees, shop, nzn_random_ring

Skill      XL: |  1  2  3  4  5  6  7 |
---------------+----------------------+-----
Stealth        | 2 3 4 5 6 |  6.1
Dodging        | 2 3 |  3.4
Bows           | 4 5 |  5.0
Fighting       | 3 4 |  4.3

Action                   |  1- 3 |  4- 6 |  7- 9 || total
-------------------------+-------+-------+-------++-------
Melee: Short sword       |    12 |       |       ||    12
       Trident           |    54 |   124 |    19 ||   197
       Halberd           |       |    20 |       ||    20
 Fire: Shortbow          |     5 |    23 |     2 ||    30
       Hunting sling     |       |     3 |       ||     3
 Abil: Spit Poison       |    15 |    27 |     2 ||    44
 Stab: Sleeping          |     4 |     1 |       ||     5
Armor: Leather armour    |    14 |    34 |    17 ||    65
Dodge: Dodged            |    27 |    74 |    22 ||   123

Table legend: (Time is in decaauts)
 A = Elapsed time spent in this place.
 B = Non-inter-level travel time spent in this place.
 C = Inter-level travel time spent in this place.
 D = Time resting spent in this place.
 E = Time spent auto-exploring this place.
 F = Levels seen in this place.
 G = Mean time per level.
                   A        B        C        D        E       F      G
               +--------+--------+--------+--------+--------+-----+--------+
         Total |   6550 |   6439 |    111 |   1274 |   3859 |   6 | 1091.7 |
       Dungeon |   6550 |   6439 |    111 |   1274 |   3859 |   6 | 1091.7 |
               +--------+--------+--------+--------+--------+-----+--------+

Top non-repeatable levels by time:
     D:3: 1893 daAuts
     D:5: 1490 daAuts
     D:1: 1180 daAuts
     D:2: 1114 daAuts
     D:4: 868 daAuts
     D:6: 2 daAuts
